Map: Estação Rei Sejong ER

Players

TheKing

  • Race: Terran Terran
  • League: Master

TheZergLord - Winner!

  • Race: Zerg Zerg
  • League: Master

VOD

Have the link to the VOD?

Description

Time

  • Played on: May 25, 2016, 2:14 p.m.
  • Length: 4:16
Show
View Real Time Build Order
Export as new Build Order

TheKing Terran 

Build Orders:  

Get SALT Encoding   

  12  0:01  SCV  
  13  0:13  SCV  
  14  0:17  Supply Depot  
  14  0:25  SCV  
  15  0:39  SCV  
  15  0:40  Barracks  
  16  0:50  Refinery  
  16  0:52  SCV  
  17  1:04  SCV  
  18  1:16  SCV  
  19  1:32  Orbital Command  
  19  1:34  Reaper  
  20  1:45  Bunker  
  20  1:59  SCV, Supply Depot  
  20  2:00  Bunker  
  21  2:06  Marine  
  22  2:20  SCV  
  23  2:24  Marine  
  23  2:28  Command Center  
  24  2:35  SCV  
  25  2:41  Factory  
  25  2:42  Marine  
  26  2:57  SCV  
  27  2:59  Marine  
  27  3:00  Refinery, Supply Depot  
  28  3:11  Bunker  
  28  3:14  SCV  
  29  3:32  Bunker, Factory Tech Lab  
  26  3:36  Marine, Starport  
  25  3:49  Orbital Command  
  25  3:53  Marine  
Show
View Real Time Build Order
Export as new Build Order

TheZergLord Zerg - Winner!

Build Orders: Hatch First, Ravager All-In 

Get SALT Encoding   

  12  0:01  Drone  
  13  0:12  Overlord  
  13  0:18  Drone  
  14  0:32  Drone x2  
  16  0:37  Drone  
  17  0:55  Hatchery  
  16  0:57  Drone  
  17  1:11  Spawning Pool  
  17  1:14  Drone  
  17  1:16  Extractor  
  16  1:19  Drone  
  16  1:22  Drone  
  18  1:29  Drone  
  19  1:41  Drone  
  19  1:43  Extractor  
  19  1:56  Drone  
  19  2:01  Roach Warren  
  19  2:07  Queen  
  21  2:08  Queen  
  23  2:17  Overlord  
  23  2:21  Drone  
  24  2:26  Drone  
  25  2:42  Roach x2  
  25  2:43  Roach  
  30  2:55  Roach  
  32  3:05  Ravager x2  
  34  3:06  Ravager  
  34  3:10  Overlord  
  35  3:16  Ravager  
  34  3:37  Roach x2  
  38  3:52  Overlord x2  
  33  4:13  Ravager  
Tags
 
Add a new tag
Caveats
  • Supply blocks, unpowered buildings, or Contaminate may cause inaccurate times.
  • Supply counts are checked every 10 seconds.